 Dungeon Crawl Stone Soup version 0.26-a0-36-g11e0b32562 (webtiles) character file.

Game seed: 4544549089462421920, levelgen mode: deterministic

472794 DerDa the Gelid (level 23, -7/181 HPs)
             Began as a Demonspawn Ice Elementalist on May 30, 2020.
             Was a High Priest of Sif Muna.
             Killed by divine providence
             ... invoked by Saint Roka
              (17 damage)
             ... on level 3 of the Depths.
             The game lasted 05:07:30 (66750 turns).

DerDa the Gelid (Demonspawn Ice Elementalist)      Turns: 66750, Time: 05:07:31

Health: -7/181     AC:  6    Str: 10    XL:     23   Next: 56%
Magic:  20/44      EV: 25    Int: 32    God:    Sif Muna [*****.]
Gold:   2726       SH:  0    Dex: 20    Spells: 4/57 levels left

rFire    + . .     SeeInvis +   a - +9 long sword of Prudence {freeze, rF+ Dex+3}
rCold    . . .     Gourm    .   p - +8 tower shield {reflect}
rNeg     . . .     Faith    +   H - +2 robe {Archmagi}
rPois    .         Spirit   .   (helmet unavailable)
rElec    .         Reflect  +   (no cloak)
rCorr    .         Harm     .   (no gloves)
MR       +....                  d - +1 pair of boots "Aguwnor" {Dex+2}
Stlth    +.........             g - amulet "Qokh" {Faith Int+4}
HPRegen  0.40/turn              W - +6 ring of intelligence
MPRegen  0.29/turn              Q - ring of wizardry

@: confused, no potions, repel missiles
A: antennae 3, repulsion field 3, demonic guardian 3, dopey 1, robust 1, spiny 3
}: 2/15 runes: serpentine, barnacled
a: Channel Magic, Forget Spell, Divine Exegesis, Renounce Religion


You were on level 3 of the Depths.
You worshipped Sif Muna.
Sif Muna was extremely pleased with you.
You were not hungry.

You visited 9 branches of the dungeon, and saw 43 of its levels.
You visited the Abyss 1 time.
You visited 1 bazaar.

You collected 5856 gold pieces.
You spent 3130 gold pieces at shops.

Inventory:

Hand Weapons
 a - the +9 long sword of Prudence (weapon) {freeze, rF+ Dex+3}
   (You took it off a merfolk impaler on level 4 of the Shoals)

   It has been specially enchanted to freeze those struck by it, causing extra
   injury to most foes and up to half again as much damage against particularly
   susceptible opponents.
   It can also slow down cold-blooded creatures.
   It affects your dexterity (+3).
   It protects you from fire.
 b - the +0 staff of Battle
   (You found it on level 2 of the Depths)
Armour
 d - the +1 pair of boots "Aguwnor" (worn) {Dex+2}
   (You found it on level 2 of the Depths)

   It affects your dexterity (+2).
 p - a +8 tower shield of reflection (worn)
 u - the +7 faerie dragon scales {rN++ rCorr Str-5 Int+3 Stlth+}
   (You took it off the Enchantress on level 2 of the Depths)

   It affects your strength (-5).
   It affects your intelligence (+3).
   It greatly protects you from negative energy.
   It provides partial protection from all sources of acid and corrosion.
   It makes you more stealthy.
 H - a +2 robe of the Archmagi (worn)
 P - a +2 robe
 V - a +2 robe of resistance
Jewellery
 g - the amulet "Qokh" (around neck) {Faith Int+4}
   (You found it on level 1 of the Snake Pit)

   [amulet of faith]

   It allows you to gain divine favour quickly.
   It affects your intelligence (+4).
 j - an uncursed ring of flight
 B - an uncursed ring of magical power
 Q - a ring of wizardry (right hand)
 R - an uncursed ring of resist corrosion
 W - a +6 ring of intelligence (left hand)
Wands
 q - a wand of polymorph (36)
 r - a wand of disintegration (20)
 s - a wand of random effects (8)
 v - a wand of enslavement (18)
 w - a wand of clouds (16)
 L - a wand of paralysis (16)
 X - a wand of digging (4)
Scrolls
 f - 3 scrolls of enchant weapon
 k - 2 scrolls of immolation
 l - 22 scrolls of remove curse
 n - 15 scrolls of teleportation
 o - 4 scrolls of magic mapping
 t - 6 scrolls of identify
 G - a scroll of silence
 K - 4 scrolls of fear
 N - 2 scrolls of blinking
Potions
 e - 5 potions of resistance
 h - 6 potions of haste
 i - 5 potions of mutation
 m - 3 potions of might
 x - 18 potions of curing
 A - 2 potions of ambrosia
 E - 2 potions of flight
 O - a potion of cancellation
 S - 6 potions of brilliance
 T - 2 potions of invisibility
 U - 7 potions of magic
 Y - 6 potions of heal wounds
Miscellaneous
 y - a lightning rod (4/4)
 D - 5 phantom mirrors
 I - a phial of floods
 Z - 2 boxes of beasts
Comestibles
 c - 70 rations


   Skills:
 - Level 10.2 Fighting
 * Level 13.5 Dodging
 - Level 1.7 Stealth
 * Level 10.6 Shields
 * Level 17.5 Spellcasting
 * Level 14.2 Conjurations
 - Level 4.0 Summonings
 + Level 13.2 Necromancy
 + Level 4.6 Translocations
 + Level 5.7 Transmutations
 * Level 17.7 Ice Magic
 + Level 7.3 Air Magic
 + Level 16.7 Invocations
 + Level 10.7 Evocations


You had 4 spell levels left.
You knew the following spells:

 Your Spells              Type           Power        Failure   Level  Hunger
a - Freeze                Ice            ####         0%          1    None
b - Orb of Destruction    Conj           ########..   9%          7    ####...
c - Ozocubu's Armour      Chrm/Ice       #######.     1%          3    None
d - Hailstorm             Conj/Ice       ########     1%          4    None
e - Summon Ice Beast      Ice/Summ       #######.     1%          4    None
f - Simulacrum            Ice/Necr       ########..   1%          6    None
g - Ozocubu's Refrigerat  Ice            ########..   1%          6    None
h - Freezing Cloud        Conj/Ice/Air   ########..   2%          6    None
i - Irradiate             Conj/Tmut      #######...   1%          5    None
j - Absolute Zero         Ice            ########..   91%         9    #######
q - Blink                 Tloc           N/A          1%          2    None

Your spell library contained the following spells:

 Spells                   Type           Power        Failure   Level  Hunger
 Frozen Ramparts          Ice            ######       0%          3    None
 Animate Skeleton         Necr           N/A          1%          1    None
 Apportation              Tloc           ######       1%          1    None
 Beastly Appendage        Tmut           ######       1%          1    None
 Foxfire                  Conj/Fire      ####         1%          1    None
 Magic Dart               Conj           ####         1%          1    None
 Pain                     Necr           ####         1%          1    None
 Shock                    Conj/Air       ####         1%          1    None
 Sting                    Tmut/Pois      ####         1%          1    None
 Summon Butterflies       Summ           ######..     1%          1    None
 Summon Small Mammal      Summ           ####         1%          1    None
 Call Imp                 Summ           ######..     1%          2    None
 Corpse Rot               Necr/Air       N/A          1%          2    None
 Ensorcelled Hibernation  Hex/Ice        ######       1%          2    None
 Passwall                 Tmut/Erth      ######..     1%          2    None
 Poisonous Vapours        Pois/Air       ######       1%          2    None
 Searing Ray              Conj           ######       1%          2    None
 Sticks to Snakes         Tmut           #######.     1%          2    None
 Sublimation of Blood     Necr           ########..   1%          2    None
 Swiftness                Chrm/Air       ######..     1%          2    None
 Conjure Flame            Conj/Fire      #######.     1%          3    None
 Dazzling Flash           Conj/Hex       ######       1%          3    None
 Gell's Gravitas          Tloc           ######....   1%          3    None
 Lesser Beckoning         Tloc           ######....   1%          3    None
 Mephitic Cloud           Conj/Pois/Air  #######.     1%          3    None
 Recall                   Summ/Tloc      N/A          1%          3    None
 Static Discharge         Conj/Air       #######.     1%          3    None
 Stone Arrow              Conj/Erth      ######       1%          3    None
 Vampiric Draining        Necr           ########..   1%          3    None
 Airstrike                Air            #######...   1%          4    None
 Animate Dead             Necr           N/A          1%          4    None
 Dispel Undead            Necr           ########     1%          4    None
 Fulminant Prism          Conj/Hex       #######...   1%          4    None
 Ice Form                 Ice/Tmut       ########     1%          4    None
 Iskenderun's Mystic Bla  Conj/Tloc      #######.     1%          4    None
 Sticky Flame             Conj/Fire      #######.     1%          4    None
 Shroud of Golubria       Chrm/Tloc      ######       2%          2    None
 Call Canine Familiar     Summ           ######..     2%          3    None
 Corona                   Hex            #####..      3%          1    None
 Infusion                 Chrm           ####         3%          1    None
 Sandblast                Erth           #####.       3%          1    None
 Spider Form              Tmut/Pois      ######....   3%          3    None
 Summon Lightning Spire   Summ/Air       #######.     3%          4    None
 Ignite Poison            Fire/Tmut/Pois ######..     4%          3    None
 Portal Projectile        Hex/Tloc       ######       4%          3    None
 Summon Guardian Golem    Hex/Summ       ######..     4%          3    None
 Slow                     Hex            #####...     6%          2    None
 Song of Slaying          Chrm           #####...     6%          2    None
 Confusing Touch          Hex            #####...     11%         3    None
 Inner Flame              Hex/Fire       #####...     11%         3    None
 Spectral Weapon          Hex/Chrm       #####...     11%         3    None
 Tukima's Dance           Hex            #####...     11%         3    None
 Petrify                  Tmut/Erth      ######..     11%         4    None
 Cause Fear               Hex            #####.....   32%         4    None
 Leda's Liquefaction      Hex/Erth       #####.....   32%         4    None
 Olgreb's Toxic Radiance  Pois           #####...     32%         4    None
 Agony                    Necr           ########     1%          5    None
 Lightning Bolt           Conj/Air       #######...   1%          5    None
 Metabolic Englaciation   Hex/Ice        #######...   2%          5    None
 Death Channel            Necr           ########..   2%          6    None
 Fireball                 Conj/Fire      #######...   5%          5    None
 Iskenderun's Battlesphe  Conj/Chrm      #######.     5%          5    None
 Borgnjor's Vile Clutch   Necr/Erth      #######...   6%          5    None
 Excruciating Wounds      Chrm/Necr      #######...   6%          5    None
 Conjure Ball Lightning   Conj/Air       #######...   6%          6    None
 Blade Hands              Tmut           #######...   10%         5    None
 Bolt of Magma            Conj/Fire/Erth ######....   14%         5    None
 Summon Forest            Summ/Tloc      ######....   16%         5    None
 Aura of Abjuration       Summ           ######....   19%         5    None
 Summon Demon             Summ           ######....   19%         5    None
 Silence                  Hex/Air        ######....   22%         5    None
 Alistair's Intoxication  Tmut/Pois      ######..     28%         5    None
 Yara's Violent Unravell  Hex/Tmut       ######....   28%         5    None
 Iron Shot                Conj/Erth      #######...   28%         6    None
 Starburst                Conj/Fire      #######...   28%         6    None
 Summon Mana Viper        Hex/Summ       ######..     38%         5    None
 Hydra Form               Tmut           #######...   45%         6    None
 Spellforged Servitor     Conj/Summ      #######...   54%         7    ####...
 Dispersal                Tloc           ######....   58%         6    None
 Haunt                    Necr/Summ      #######...   61%         7    ####...
 Lee's Rapid Deconstruct  Erth           #####.....   65%         5    None
 Borgnjor's Revivificati  Necr           ########..   67%         8    #####..
 Infestation              Necr           ########..   67%         8    #####..
 Shadow Creatures         Summ           N/A          69%         6    None
 Eringya's Noxious Bog    Tmut/Pois      ######....   82%         6    None
 Statue Form              Tmut/Erth      ######...    82%         6    None
 Chain Lightning          Conj/Air       #######...   93%         8    #####..
 Dragon Form              Tmut           #######...   94%         7    ####...
 Invisibility             Hex            #####...     99%         6    None
 Malign Gateway           Summ/Tloc      ######....   99%         7    ####...
 Monstrous Menagerie      Summ           ######....   99%         7    ####...
 Summon Hydra             Summ           ######....   99%         7    ####...
 Necromutation            Tmut/Necr      #######...   99%         8    #####..
 Ring of Flames           Chrm/Fire      #####.....   100%        7    ####...
 Controlled Blink         Tloc           N/A          100%        8    #####..
 Death's Door             Chrm/Necr      #######...   100%        8    #####..
 Discord                  Hex            #####.....   100%        8    #####..
 Disjunction              Tloc           ######....   100%        8    #####..
 Ignition                 Fire           #####.....   100%        8    #####..
 Lehudib's Crystal Spear  Conj/Erth      #######...   100%        8    #####..
 Summon Horrible Things   Summ           ######....   100%        8    #####..
 Dragon's Call            Summ           ######....   100%        9    #######
 Fire Storm               Conj/Fire      #######...   100%        9    #######
 Shatter                  Erth           #####.....   100%        9    #######
 Tornado                  Air            #######...   100%        9    #######


Dungeon Overview and Level Annotations

Branches:
Dungeon (15/15)            Temple (1/1) D:7            Lair (6/6) D:8
 Shoals (4/4) Lair:2        Snake (4/4) Lair:3        Slime (0/5) Lair:5
    Orc (2/2) D:12            Elf (3/3) Orc:2        Vaults (5/5) D:13
  Crypt (0/3) Vaults:2     Depths (3/5) D:15

Altars:
Ashenzari
Cheibriados
Dithmenos
Elyvilon
Fedhas
Gozag
Hepliaklqana
Kikubaaqudgha
Makhleb
Nemelex Xobeh
Okawaru
Qazlal
Ru
Sif Muna
Trog
Uskayaw
Vehumet
Wu Jian
Xom
Yredelemnul
Zin
The Shining One

Shops:
D:5 (   D:10 :*   Orc:2 !(!:   Elf:2 :=}}(   Shoals:4 !   Snake:2 [   Snake:4 *
Vaults:1 *   Vaults:2 =

Portals:
Hell: Depths:1 Depths:2 Depths:3
Abyss: Depths:1
Pandemonium: Orc:2 Depths:3
Ziggurat: Depths:2

Annotations:
D:4 exclusion: phantom
Orc:2 3 exclusions
Elf:1 6 runed translucent doors
Depths:3 Saint Roka


Innate Abilities, Weirdness & Mutations

You have a pair of large antennae on your head. (SInv)
You are surrounded by a strong repulsion field. (EV +4, RMsl)
A powerful demonic guardian rushes to your aid.
You are robust. (+10% HP)
You are completely covered in sharp spines.
You are dopey. (Int -2)


Message History

* * * LOW HITPOINT WARNING * * *
The sphinx mumbles some strange words.
Something smites you!
* * * LOW HITPOINT WARNING * * *
You can move again.
The sphinx mumbles some strange words.
Something smites you!
* * * LOW HITPOINT WARNING * * *
You're too confused to move!
Saint Roka calls down the wrath of Beogh upon you.
Beogh smites you!
* * * LOW HITPOINT WARNING * * *
Unknown command.
You hit Saint Roka. You freeze Saint Roka.
Saint Roka is almost dead.
The sphinx casts a spell.
The sphinx is healed somewhat.
Your reaper barely misses the sphinx.
Saint Roka mumbles some strange prayers to Beogh against you.
Beogh smites you!
You die...

...... ...... #...... { {
{ ....... ..∩....
################.......
................2H†.......
................@oC)......
#.#.#.#.#.#.####.##).≈≈≈..
.......#.....# #.# ).≈≈≈..
#?..#.#.#...## ... .o≈≈...
.......(...## ##....))).).
....#.#..[.# #....)))(.)
..#........# #......).))
.##.#.....## #.....)..).
.......####


You could see Saint Roka, a frost giant, a sphinx and a friendly reaper
(summoned).

Vanquished Creatures
  Mara (Elf:3)
  Vashnia (Snake:3)
  the Enchantress (Depths:2)
  A tentacled monstrosity (Vaults:4)
  Rupert (D:13)
  A titan (Vaults:4)
  2 deep elf blademasters (Elf:3)
  2 deep elf master archers (Elf:3)
  An ancient champion (Depths:3)
  A kraken (Shoals:4)
  A sphinx (Vaults:4)
  A tengu reaver (Depths:2)
  11 nagarajas
  2 frost giants
  2 fire giants
  Aizul (Snake:1)
  3 deep elf sorcerers
  14 vault wardens
  5 deep elf elementalists (Elf:3)
  13 ironheart preservers
  4 spriggan defenders (Depths:2)
  11 stone giants
  6 very ugly things
  10 deep elf demonologists
  6 deep elf annihilators
  Azrael (D:13)
  A crystal guardian (Vaults:4)
  5 merfolk impalers (Shoals:4)
  A green death (Abyss:3)
  5 merfolk javelineers
  5 ettins
  6 deep elf death magi
  7 fire dragons
  12 ogre magi
  Josephine (D:13)
  13 yaktaur captains
  3 great orbs of eyes
  4 deep elf high priests
  5 rakshasas
  44 vault guards
  3 hydras
  10 naga warriors
  6 ice dragons
  7 merfolk aquamancers
  A shambling mangrove (Abyss:3)
  2 spriggan air magi (Depths:2)
  2 death knights
  7 merfolk avatars
  4 alligator snapping turtles
  A catoblepas (Lair:6)
  23 dancing weapons
  35 two-headed ogres
  9 anacondas
  9 centaur warriors
  3 satyrs
  8 deep troll shamans
  4 tengu warriors
  5 shock serpents
  6 death yaks
  5 deep troll earth magi
  8 orc high priests
  4 spriggan berserkers (Depths:2)
  A vampire mage (Depths:2)
  20 naga sharpshooters
  A soul eater (Depths:2)
  Sonja (Orc:1)
  27 deep elf knights
  An iron troll (Depths:3)
  2 shadow wraiths
  3 salamander mystics (Snake:3)
  A flayed ghost (Vaults:2)
  8 sea snakes
  9 unseen horrors
  25 deep trolls
  3 infernal demonspawn (Orc:2)
  A wizard (Vaults:3)
  4 skeletal warriors (Vaults:1)
  Pikel (D:8)
  2 glowing orange brains
  17 ironbrand convokers
  A kraken simulacrum (Shoals:4)
  5 naga ritualists
  A phantasmal warrior (Vaults:4)
  5 harpies
  3 necromancers
  13 orc knights
  17 deep elf archers
  17 mana vipers
  5 orc sorcerers
  5 oklob plants
  A mana viper (shapeshifter) (Vaults:4)
  6 wolf spiders
  A salamander (shapeshifter) (Depths:1)
  A fire giant zombie (Depths:1)
  50 deep elf magi
  9 fauns
  45 ugly things
  14 salamanders
  13 manticores
  A frost giant skeleton (Depths:1)
  A fire giant skeleton (Depths:1)
  10 cyclopes
  2 worldbinders (Abyss:3)
  2 iron dragon skeletons
  A centaur zombie (D:13)
  33 black mambas
  2 guardian serpents (shapeshifter)
  6 guardian serpents
  A moth of wrath (Lair:4)
  A torpor snail (Lair:3)
  12 merfolk sirens
  5 spiny frogs
  4 water nymphs
  2 smoke demons (Orc:2)
  9 vault sentinels
  21 naga magi
  5 freezing wraiths
  A rime drake (shapeshifter) (Vaults:4)
  4 komodo dragons
  3 rime drakes (Lair:6)
  An efreet (Abyss:3)
  An ice devil (Depths:3)
  A hellwing (Depths:2)
  61 yaktaurs
  5 tengu conjurers
  3 harpy zombies (Shoals:3)
  A troll (shapeshifter) (Vaults:4)
  2 red devils
  5 wind drakes
  2 polar bears (Lair:6)
  26 merfolk
  15 hornets
  7 trolls
  13 blink frogs
  15 dream sheep
  24 slime creatures
  8 snapping turtles
  3 raiju (Abyss:3)
  A hippogriff (shapeshifter) (Depths:1)
  15 hippogriffs
  A flying skull (Abyss:3)
  3 air elementals
  9 spriggans
  19 water elementals
  2 wyverns
  An ice dragon skeleton (Depths:1)
  A deep troll skeleton (Depths:1)
  Sigmund (D:2)
  An elf zombie (Depths:1)
  3 ynoxinuls (Abyss:3)
  5 wraiths
  8 large abominations
  A basilisk (Lair:1)
  A hog (shapeshifter) (Depths:3)
  43 yaks
  5 fire elementals
  14 humans (D:13)
  2 hungry ghosts
  A human simulacrum (Vaults:1)
  8 vampire mosquitoes
  Grum (D:8)
  3 neqoxecs
  4 chaos spawn
  4 wargs
  18 water moccasins
  2 acid dragons
  62 nagas
  3 hell hounds
  A soldier ant (shapeshifter) (Depths:2)
  9 small abominations
  A soldier ant (D:11)
  8 porcupines
  A meliai simulacrum (D:14)
  3 black bears
  40 orc warriors
  10 sky beasts
  2 ice beasts
  2 black bears (shapeshifter) (Vaults:2)
  2 slaves (D:8)
  52 ogres
  2 eyes of draining
  12 boggarts
  4 necrophages
  9 wolves
  25 centaurs
  13 crocodiles
  4 big kobolds
  2 hippogriff zombies (Shoals:3)
  11 bullfrogs
  An earth elemental (Elf:3)
  2 wyvern zombies
  4 scorpions
  8 killer bees (D:9)
  2 electric eels (Lair:1)
  28 wights
  8 crimson imps
  2 quasits (Abyss:3)
  5 hounds
  5 bullfrog skeletons
  2 bullfrog zombies
  6 centaur skeletons
  16 orc priests
  An iron imp (Abyss:3)
  26 orc wizards
  3 jellies (Lair:5)
  Jessica (D:3)
  2 hell rats (Lair:5)
  6 iguanas
  Ijyb (D:3)
  Terence (D:2)
  17 worker ants
  A nameless horror (D:8)
  2 mummies (D:10)
  2 worker ant zombies
  A howler monkey zombie (D:6)
  16 adders
  10 river rats (Lair:5)
  9 shadow imps
  2 white imps
  3 oozes
  An adder zombie (D:8)
  An adder skeleton (D:6)
  2 worms
  3 dart slugs
  3 leopard geckos
  88 orcs
  2 ball pythons
  9 giant cockroaches
  4 goblins
  12 hobgoblins
  12 jackals
  14 kobolds
  4 quokkas
  9 bats
  4 frilled lizards
  2 leopard gecko skeletons
  11 rats
  2 butterflies
  8 fungi
  161 plants
  4 tentacles (Shoals:4)
2039 creatures vanquished.

Vanquished Creatures (collateral kills)
  2 sphinxes
  The ghost of Dott the Zephyrmancer, a journeyman DrFE of Vehumet (Snake:1)
  A fire giant (Vaults:4)
  2 vault wardens
  Louise (D:15)
  2 ironheart preservers (Vaults:1)
  A stone giant (Vaults:3)
  A juggernaut skeleton (Depths:1)
  The ghost of Ceoqa the Fighter, a journeyman OgWz of Okawaru (Lair:4)
  A deep elf annihilator (Elf:3)
  A deep elf death mage (Elf:3)
  2 ice dragons
  An ogre mage (D:15)
  A yaktaur captain (Vaults:4)
  A hell beast (Depths:3)
  4 naga warriors
  A hydra (Lair:6)
  2 centaur warriors
  2 anacondas
  A catoblepas (Lair:6)
  A merfolk avatar (Shoals:2)
  2 two-headed ogres (D:15)
  A tengu warrior (Depths:2)
  5 death yaks
  An orc high priest (Orc:2)
  Urug (Lair:3)
  A thrashing horror (Abyss:3)
  A dancing weapon (Elf:2)
  A shock serpent (Snake:2)
  5 naga sharpshooters
  2 deep elf knights
  6 sea snakes
  4 deep trolls
  A flayed ghost (Vaults:3)
  2 naga ritualists
  An orc knight (Vaults:3)
  A deep elf archer (Elf:3)
  7 ugly things
  2 mana vipers (Snake:1)
  3 orc sorcerers
  6 slime creatures
  A faun (Shoals:1)
  3 manticores
  An elephant (Lair:6)
  A cyclops (Shoals:1)
  A deep elf mage (Elf:2)
  6 black mambas
  A vault sentinel (Vaults:2)
  4 spiny frogs
  3 polar bears (Lair:6)
  3 trolls
  A hornet (Lair:6)
  4 merfolk
  A hippogriff (Lair:4)
  4 snapping turtles
  A snapping turtle (shapeshifter) (D:8)
  A wraith (D:11)
  A human (D:13)
  2 hungry ghosts (D:7)
  3 yaks
  A fire elemental (D:13)
  A human (shapeshifter) (Vaults:2)
  A vampire mosquito (D:8)
  6 nagas
  3 water moccasins
  A porcupine (Lair:3)
  3 ice beasts
  6 orc warriors
  2 phantoms (D:7)
  A necrophage (D:10)
  2 wolves (Lair:5)
  2 centaurs (D:13)
  2 crocodiles
  2 ogres
  A killer bee (D:9)
  A wight (D:10)
  2 crimson imps
  2 orc wizards
  An orc priest (Orc:2)
  A mummy (D:10)
  A shadow imp (D:7)
  2 adder skeletons
  9 orcs
  A kobold (D:9)
  A butterfly (Lair:6)
  A plant (Lair:6)
181 creatures vanquished.

Vanquished Creatures (others)
  A deep elf knight (Elf:3)
  A hellwing (Orc:2)
  A spriggan (Depths:2)
  A water elemental (Elf:1)
  A human (D:13)
  4 orcs (Elf:1)
  A quokka (D:8)
  16 fungi
  32 plants
  3 tentacles (Shoals:4)
  2 withered plants (Snake:1)
63 creatures vanquished.

Grand Total: 2283 creatures vanquished

Notes
Turn   | Place    | Note
-------+----------+-------------------------------------------
     0 | D:1      | DerDa the Demonspawn Ice Elementalist began the quest for
                  | the Orb.
     0 | D:1      | Reached XP level 1. HP: 13/13 MP: 3/3
   289 | D:1      | Gained mutation: A weak demonic guardian rushes to your
                  | aid. [demonic ancestry]
   289 | D:1      | Reached XP level 2. HP: 19/19 MP: 1/5
   842 | D:1      | Gained mutation: You have a pair of small antennae on your
                  | head. [demonic ancestry]
   842 | D:1      | Reached XP level 3. HP: 24/24 MP: 4/7
   938 | D:1      | Learned a level 3 spell: Frozen Ramparts
   942 | D:1      | Learned a level 3 spell: Ozocubu's Armour
  1558 | D:2      | Noticed Sigmund
  1581 | D:2      | Killed Sigmund
  1581 | D:2      | Reached skill level 5 in Ice Magic
  1581 | D:2      | Gained mutation: You are partially covered in sharp spines.
                  | [demonic ancestry]
  1581 | D:2      | Reached XP level 4. HP: 16/30 MP: 0/10
  1581 | D:2      | Gained mutation: You are surrounded by a mild repulsion
                  | field. (EV +2) [demonic ancestry]
  1581 | D:2      | Reached XP level 5. HP: 19/35 MP: 0/11
  1806 | D:2      | Noticed Terence
  1813 | D:2      | Learned a level 4 spell: Hailstorm
  1826 | D:2      | Killed Terence
  2758 | D:3      | Noticed Jessica
  2770 | D:3      | Killed Jessica
  2770 | D:3      | Reached XP level 6. HP: 35/41 MP: 7/12
  3079 | D:3      | Found a white marble altar of Elyvilon.
  3079 | D:3      | Noticed Ijyb
  3086 | D:3      | Killed Ijyb
  3351 | D:3      | Reached skill level 1 in Conjurations
  3797 | D:4      | Gained mutation: You are mostly covered in sharp spines.
                  | [demonic ancestry]
  3797 | D:4      | Reached XP level 7. HP: 42/46 MP: 12/14
  4008 | D:4      | Reached skill level 5 in Spellcasting
  4623 | D:4      | Learned a level 4 spell: Summon Ice Beast
  4830 | D:5      | Entered Level 5 of the Dungeon
  4830 | D:5      | Found a radiant altar of Vehumet.
  4953 | D:5      | Found Roruemm's Weapon Shoppe.
  5093 | D:5      | Found an iron altar of Okawaru.
  5248 | D:5      | Found a shimmering blue altar of Sif Muna.
  5271 | D:5      | Gained mutation: You are surrounded by a moderate repulsion
                  | field. (EV +3) [demonic ancestry]
  5271 | D:5      | Reached XP level 8. HP: 52/52 MP: 11/16
  5290 | D:5      | Became a worshipper of Sif Muna the Loreminder
  5387 | D:5      | Found a basalt altar of Yredelemnul.
  6335 | D:6      | Reached * piety under Sif Muna
  6649 | D:7      | Found a staircase to the Ecumenical Temple.
  6776 | D:7      | Reached skill level 1 in Invocations
  6809 | D:7      | Gained mutation: You have a pair of antennae on your head.
                  | [demonic ancestry]
  6809 | D:7      | Reached XP level 9. HP: 49/57 MP: 1/19
  7654 | Temple   | Entered the Ecumenical Temple
  7819 | D:8      | Reached ** piety under Sif Muna
  7928 | D:8      | Noticed Pikel
  7949 | D:8      | Killed Pikel
  8348 | D:8      | Found a staircase to the Lair.
  8878 | D:8      | Found a large runed translucent door.
  8879 | D:8      | Found a large runed translucent door.
  8970 | D:8      | Noticed Grum
  8975 | D:8      | Killed Grum
  8975 | D:8      | Reached skill level 5 in Conjurations
  8975 | D:8      | Reached XP level 10. HP: 63/63 MP: 10/22
  8977 | D:8      | Reached skill level 5 in Dodging
  9146 | D:8      | Killed an unseen horror
  9197 | D:8      | Found a basalt altar of Yredelemnul.
  9198 | D:8      | Found a hazy altar of Hepliaklqana.
  9378 | Lair:1   | Entered Level 1 of the Lair of Beasts
  9395 | D:9      | Reached skill level 5 in Invocations
  9408 | D:9      | Found a sacrificial altar of Ru.
  9700 | D:9      | Reached *** piety under Sif Muna
 10307 | D:10     | Entered Level 10 of the Dungeon
 10656 | D:10     | Found Izxatipn's Book Emporium.
 11471 | D:10     | Reached **** piety under Sif Muna
 11534 | D:10     | Found Elihillo's General Store.
 11537 | D:10     | Gained mutation: You are completely covered in sharp
                  | spines. [demonic ancestry]
 11537 | D:10     | Reached XP level 11. HP: 67/67 MP: 18/24
 12549 | D:11     | Noticed a cyan ugly thing
 12555 | D:11     | Killed a cyan ugly thing
 12635 | D:11     | Noticed a two-headed ogre
 12651 | D:11     | Killed a two-headed ogre
 12651 | D:11     | Reached skill level 10 in Ice Magic
 12699 | D:11     | Killed an unseen horror
 13542 | Lair:1   | Reached skill level 10 in Spellcasting
 14775 | Lair:2   | Found a staircase to the Shoals.
 15406 | Lair:3   | Noticed an oklob plant
 15545 | Lair:3   | Noticed a death yak
 15553 | Lair:3   | Reached ***** piety under Sif Muna
 15553 | Lair:3   | Gained mutation: A demonic guardian rushes to your aid.
                  | [demonic ancestry]
 15553 | Lair:3   | Reached XP level 12. HP: 16/73 MP: 15/26
 15555 | Lair:3   | Killed a death yak
 15596 | Lair:3   | Noticed a death yak
 15622 | Lair:3   | Identified Vaxzivvaist's Disquisition on Evil Transmutation
                  | (Sif Muna gifted it to you on level 3 of the Lair of
                  | Beasts)
 15622 | Lair:3   | Received a gift from Sif Muna
 16001 | Lair:3   | Found a radiant altar of Vehumet.
 16463 | Lair:3   | Noticed Urug
 16472 | Lair:3   | Killed Urug
 16850 | Lair:3   | Killed a death yak
 16946 | Lair:3   | Found a staircase to the Snake Pit.
 18273 | Lair:4   | Noticed Ceoqa's ghost (journeyman OgWz)
 18330 | Lair:4   | Found a transporter.
 18349 | Lair:4   | Found a transporter.
 18467 | Lair:4   | Noticed a death yak
 18944 | Lair:4   | Killed a death yak
 18948 | Lair:4   | Killed Ceoqa's ghost
 19045 | Lair:4   | Got a pitted zirconium amulet
 19047 | Lair:4   | Got a polished hat
 19053 | Lair:4   | Identified the +3 hat of the Tuna {rElec rPois Str-2 Int+4}
                  | (You found it on level 4 of the Lair of Beasts)
 19311 | Lair:4   | Identified the amulet of Lady Luck {Spirit Dex+3} (You
                  | found it on level 4 of the Lair of Beasts)
 19712 | Lair:5   | Gained mutation: You have a pair of large antennae on your
                  | head. (SInv) [demonic ancestry]
 19712 | Lair:5   | Reached XP level 13. HP: 79/79 MP: 28/28
 19727 | Lair:5   | Found a staircase to the Slime Pits.
 20058 | Lair:5   | Identified Sif Muna's Handbook of the Snowflakes and the
                  | Volcanoes (Sif Muna gifted it to you on level 5 of the Lair
                  | of Beasts)
 20058 | Lair:5   | Received a gift from Sif Muna
 20445 | Lair:5   | Got a slimy war axe
 20445 | Lair:5   | Identified the +7 war axe of Chaos {venom, *Rage Str+5}
                  | (You found it on level 5 of the Lair of Beasts)
 20472 | Lair:6   | Entered Level 6 of the Lair of Beasts
 20590 | Lair:6   | Reached skill level 10 in Invocations
 22507 | Lair:6   | Got a vibrating platinum ring
 22643 | Lair:6   | Identified the ring "Umow" {rC- AC+4 Str+8} (You found it
                  | on level 6 of the Lair of Beasts)
 23103 | D:8      | Found an ornate altar of the Wu Jian Council.
 23134 | D:8      | Found a white marble altar of Elyvilon.
 23284 | D:12     | Found a staircase to the Orcish Mines.
 23499 | D:12     | Gained mutation: You are surrounded by a strong repulsion
                  | field. (EV +4, RMsl) [demonic ancestry]
 23499 | D:12     | Reached XP level 14. HP: 54/86 MP: 23/30
 23509 | D:12     | Identified Sif Muna's Casting Continued (Sif Muna gifted it
                  | to you on level 12 of the Dungeon)
 23509 | D:12     | Received a gift from Sif Muna
 23568 | D:12     | Reached skill level 1 in Evocations
 23771 | D:12     | Reached skill level 1 in Fighting
 24654 | Orc:1    | Entered Level 1 of the Orcish Mines
 24709 | Orc:1    | Noticed Sonja
 24715 | Orc:1    | Killed Sonja
 24880 | Orc:1    | Learned a level 6 spell: Simulacrum
 24967 | Orc:2    | Entered Level 2 of the Orcish Mines
 25135 | Orc:2    | Found a staircase to the Elven Halls.
 25256 | Orc:2    | Identified Sif Muna's Disquisition on the Hurtful Traveller
                  | (Sif Muna gifted it to you on level 2 of the Orcish Mines)
 25256 | Orc:2    | Received a gift from Sif Muna
 25973 | Orc:1    | Reached skill level 1 in Necromancy
 26094 | Orc:2    | Found Konton's Distillery.
 26098 | Orc:2    | Found Piemut's Distillery.
 26354 | Orc:2    | Bought a potion of brilliance for 60 gold pieces
 26354 | Orc:2    | Bought a potion of mutation for 120 gold pieces
 26354 | Orc:2    | Bought a potion of magic for 120 gold pieces
 26356 | Orc:2    | Bought a potion of lignification for 48 gold pieces
 26356 | Orc:2    | Bought a potion of heal wounds for 80 gold pieces
 26356 | Orc:2    | Bought 2 potions of heal wounds for 160 gold pieces
 26356 | Orc:2    | Bought a potion of curing for 48 gold pieces
 26356 | Orc:2    | Bought 2 potions of heal wounds for 160 gold pieces
 26356 | Orc:2    | Bought a potion of heal wounds for 80 gold pieces
 26356 | Orc:2    | Bought a potion of heal wounds for 80 gold pieces
 26356 | Orc:2    | Bought a potion of magic for 128 gold pieces
 26968 | Orc:2    | Reached skill level 10 in Conjurations
 27025 | Orc:2    | Found Dudol's Antique Weapon Shop.
 27025 | Orc:2    | Found Wuiphueg's Book Boutique.
 27025 | Orc:2    | Found a one-way gate leading to the halls of Pandemonium.
 27027 | Orc:2    | Bought a pitted falchion for 216 gold pieces
 27150 | D:13     | Found a gate to the Vaults.
 27150 | D:13     | Noticed Rupert
 27150 | D:13     | Noticed Azrael
 27152 | D:13     | Identified Sif Muna's Grimoire of Icy Confrontation (Sif
                  | Muna gifted it to you on level 13 of the Dungeon)
 27152 | D:13     | Received a gift from Sif Muna
 27159 | D:13     | Killed Rupert
 27159 | D:13     | Reached XP level 15. HP: 93/98 MP: 16/32
 27161 | D:13     | Killed Azrael
 27515 | D:13     | Noticed Josephine
 27524 | D:13     | Killed Josephine
 28969 | D:14     | Identified Irennah's Almanac of Moulding and Clay (Sif Muna
                  | gifted it to you on level 14 of the Dungeon)
 28969 | D:14     | Received a gift from Sif Muna
 28993 | D:14     | Identified the +5 falchion "Hydraslayer" {venom, SInv} (You
                  | bought it in a shop on level 2 of the Orcish Mines)
 29257 | D:14     | Reached skill level 1 in Shields
 29347 | D:14     | Found a blossoming altar of Fedhas.
 29957 | D:15     | Entered Level 15 of the Dungeon
 30736 | D:15     | Noticed Louise
 30744 | D:15     | Killed Louise
 30935 | D:15     | Found a staircase to the Depths.
 31407 | D:15     | Received a gift from Sif Muna
 31786 | Snake:1  | Entered Level 1 of the Snake Pit
 32006 | Snake:1  | Found a runed translucent door.
 32006 | Snake:1  | Noticed Dott's ghost (journeyman DrFE)
 32186 | Snake:1  | Noticed Aizul
 32189 | Snake:1  | Reached skill level 5 in Necromancy
 32207 | Snake:1  | Killed Aizul
 32207 | Snake:1  | Reached XP level 16. HP: 65/108 MP: 16/33
 32303 | Snake:1  | Reached skill level 5 in Evocations
 32782 | Snake:1  | Reached skill level 5 in Fighting
 33312 | Snake:1  | Killed Dott's ghost
 33317 | Snake:1  | Got a bound silver amulet
 33324 | Snake:1  | Identified the amulet "Qokh" {Faith Int+4} (You found it on
                  | level 1 of the Snake Pit)
 33552 | Snake:2  | Reached skill level 10 in Dodging
 33580 | Snake:1  | Learned a level 6 spell: Ozocubu's Refrigeration
 33587 | Snake:1  | Learned a level 6 spell: Freezing Cloud
 33593 | Snake:1  | Learned a level 5 spell: Irradiate
 34046 | Snake:2  | Found Temiy's Antique Armour Shop.
 34949 | Snake:3  | Received a gift from Sif Muna
 35108 | Snake:3  | Reached skill level 1 in Air Magic
 35209 | Snake:3  | Reached skill level 1 in Transmutations
 35815 | Snake:3  | Noticed Vashnia
 35829 | Snake:3  | Killed Vashnia
 35829 | Snake:3  | Gained mutation: You are robust. (+10% HP) [demonic
                  | ancestry]
 35829 | Snake:3  | Reached XP level 17. HP: 48/128 MP: 1/35
 36697 | Snake:4  | Entered Level 4 of the Snake Pit
 36827 | Snake:4  | Identified Gyistris's Incunabulum of Doomed Flight (Sif
                  | Muna gifted it to you on level 4 of the Snake Pit)
 36827 | Snake:4  | Received a gift from Sif Muna
 37594 | Snake:4  | Found Zuixi's Assorted Antiques.
 37603 | Snake:4  | Bought a scroll labeled GOAPPA ZEMIOGG for 37 gold pieces
 37603 | Snake:4  | Bought a sharpened brass wand for 148 gold pieces
 37603 | Snake:4  | Bought a dented bronze amulet for 185 gold pieces
 37603 | Snake:4  | Bought a scroll of identify for 74 gold pieces
 38348 | Snake:4  | Reached skill level 15 in Ice Magic
 38348 | Snake:4  | Received a gift from Sif Muna
 38652 | Snake:4  | Got a serpentine rune of Zot
 38994 | Shoals:1 | Entered Level 1 of the Shoals
 39427 | Shoals:1 | Reached XP level 18. HP: 139/139 MP: 23/36
 40058 | Shoals:1 | Identified Weoq's Tome of Fetching Earth (Sif Muna gifted
                  | it to you on level 1 of the Shoals)
 40058 | Shoals:1 | Received a gift from Sif Muna
 40071 | Shoals:1 | Reached skill level 15 in Spellcasting
 40214 | Shoals:1 | You fall into a shaft and drop 1 floor!
 40226 | Shoals:2 | Got a fine robe
 40241 | Shoals:1 | Identified the cursed +0 robe "Liumeteg" {Str+4} (You found
                  | it on level 2 of the Shoals)
 41211 | Shoals:2 | Reached skill level 1 in Summonings
 42169 | Shoals:3 | Found a flickering gateway to a bazaar.
 42197 | Bazaar   | Entered a bazaar
 42225 | Bazaar   | Found Omucontiqaz's Magic Scroll Emporium.
 42240 | Bazaar   | Found Quegan's Antique Weapon Emporium.
 42255 | Bazaar   | Found Quawyuts's Magic Scroll Shoppe.
 42255 | Bazaar   | Found Baumai's Antique Armour Emporium.
 42259 | Bazaar   | Bought a steaming robe for 114 gold pieces
 42297 | Bazaar   | Bought a scroll of identify for 20 gold pieces
 42297 | Bazaar   | Bought a scroll of identify for 20 gold pieces
 42297 | Bazaar   | Bought a scroll of magic mapping for 35 gold pieces
 42297 | Bazaar   | Bought a scroll of blinking for 75 gold pieces
 42337 | Bazaar   | Bought a scroll of magic mapping for 38 gold pieces
 42337 | Bazaar   | Bought a scroll of enchant weapon for 82 gold pieces
 42337 | Bazaar   | Bought a scroll of blinking for 82 gold pieces
 42337 | Bazaar   | Bought a scroll of identify for 22 gold pieces
 42337 | Bazaar   | Bought a scroll of magic mapping for 38 gold pieces
 42337 | Bazaar   | Bought a scroll of identify for 22 gold pieces
 42337 | Bazaar   | Bought a scroll of blinking for 82 gold pieces
 42337 | Bazaar   | Bought a scroll of magic mapping for 38 gold pieces
 42395 | Bazaar   | Bought an iridescent hand crossbow for 178 gold pieces
 42444 | Shoals:3 | Identified the +2 robe of the Fletcher {rPois Str+3 Int+3}
                  | (You bought it in a shop in a bazaar)
 42454 | Shoals:3 | Identified the +2 hand crossbow "Xihiekom" {flame, Str+6
                  | SInv} (You bought it in a shop in a bazaar)
 43052 | Shoals:3 | Identified Sif Muna's Collected Works on Confrontation (Sif
                  | Muna gifted it to you on level 3 of the Shoals)
 43052 | Shoals:3 | Received a gift from Sif Muna
 43840 | Shoals:4 | Entered Level 4 of the Shoals
 43904 | Shoals:4 | Found Riaph's Distillery.
 44088 | Shoals:4 | HP: 6/139 [poisoned by a sea snake]
 44091 | Shoals:4 | HP: 2/139 [poisoned by a sea snake]
 44697 | Shoals:4 | Bought a potion of curing for 60 gold pieces
 44697 | Shoals:4 | Bought 2 potions of magic for 320 gold pieces
 44697 | Shoals:4 | Bought a potion of heal wounds for 100 gold pieces
 44697 | Shoals:4 | Bought a potion of curing for 60 gold pieces
 45014 | Shoals:4 | Identified Colasur's Disquisition on Necromancy (Sif Muna
                  | gifted it to you on level 4 of the Shoals)
 45014 | Shoals:4 | Received a gift from Sif Muna
 45023 | Shoals:4 | Got a barnacled rune of Zot
 45362 | Shoals:4 | Identified the +9 long sword of Prudence {freeze, rF+
                  | Dex+3}
 46295 | Vaults:1 | Entered Level 1 of the Vaults
 46602 | Vaults:1 | Learned a level 2 spell: Blink
 46805 | Vaults:1 | Reached skill level 5 in Transmutations
 47129 | Vaults:1 | Found Ilynink's General Store.
 47137 | Vaults:1 | Reached XP level 19. HP: 147/147 MP: 25/38
 48191 | Vaults:1 | Identified Sif Muna's Disquisition on the Ashen Blaze (Sif
                  | Muna gifted it to you on level 1 of the Vaults)
 48191 | Vaults:1 | Received a gift from Sif Muna
 48194 | Vaults:1 | Reached skill level 5 in Air Magic
 48273 | Vaults:1 | Paralysed by a great orb of eyes for 5 turns
 48581 | Vaults:1 | Got a polished great sword
 48665 | Vaults:2 | Reached skill level 5 in Shields
 48885 | Vaults:2 | Paralysed by a sphinx for 6 turns
 49573 | Vaults:2 | Found a staircase to the Crypt.
 49573 | Vaults:2 | Found an ancient bone altar of Kikubaaqudgha.
 49574 | Vaults:2 | Found a basalt altar of Yredelemnul.
 49808 | Vaults:2 | Received a gift from Sif Muna
 50261 | Vaults:2 | Reached skill level 15 in Invocations
 50522 | Vaults:2 | Found Vemoi's Jewellery Shop.
 51065 | Vaults:2 | Identified Sif Muna's Volume of Glacial Augmentations (Sif
                  | Muna gifted it to you on level 2 of the Vaults)
 51065 | Vaults:2 | Received a gift from Sif Muna
 51079 | Vaults:2 | Learned a level 9 spell: Absolute Zero
 51405 | Vaults:2 | Reached XP level 20. HP: 135/157 MP: 7/39
 51689 | Vaults:2 | Paralysed by a great orb of eyes for 7 turns
 51703 | Vaults:2 | Reached skill level 10 in Necromancy
 52192 | Vaults:3 | You fall into a shaft and drop 1 floor!
 52586 | Vaults:4 | Received a gift from Sif Muna
 52711 | Vaults:4 | Identified a scroll of acquirement
 54805 | Vaults:4 | Identified Ymoceama's Collected Works on Bewitching Stones
                  | (Sif Muna gifted it to you on level 4 of the Vaults)
 54805 | Vaults:4 | Received a gift from Sif Muna
 55467 | Vaults:4 | Reached XP level 21. HP: 108/165 MP: 3/41
 56274 | Vaults:4 | Identified the +6 great sword "Poph" {freeze, rF+ rN++
                  | Str+5} (You found it on level 1 of the Vaults)
 56701 | Vaults:4 | Learned a level 7 spell: Orb of Destruction
 56723 | Vaults:5 | Entered Level 5 of the Vaults
 56725 | Vaults:5 | Reached skill level 1 in Translocations
 56725 | Vaults:5 | Received a gift from Sif Muna
 57015 | Elf:1    | Entered Level 1 of the Elven Halls
 57355 | Elf:1    | Identified the cursed +0 plate armour of Darkness {rC+
                  | Str+4 Dex+2}
 57360 | Elf:1    | Identified Sif Muna's Volume of the Excruciating Snowflakes
                  | (Sif Muna gifted it to you on level 1 of the Elven Halls)
 57360 | Elf:1    | Received a gift from Sif Muna
 57387 | Elf:1    | Found a runed translucent gate.
 57387 | Elf:1    | Found a runed translucent gate.
 57387 | Elf:1    | Found a runed translucent gate.
 57387 | Elf:1    | Found a runed translucent gate.
 57387 | Elf:1    | Found a runed translucent gate.
 57389 | Elf:1    | Found a runed translucent gate.
 58053 | Elf:2    | Found Zovvopem's Weapon Boutique.
 58519 | Elf:2    | Found Kexy's Book Emporium.
 58592 | Elf:2    | Found Holy's Gadget Shoppe.
 58593 | Elf:2    | Found Neshramung's Jewellery Boutique.
 58594 | Elf:2    | Found Annas's Gadget Shoppe.
 58611 | Elf:2    | Found a runed translucent gate.
 58611 | Elf:2    | Found a runed translucent gate.
 58611 | Elf:2    | Found a runed translucent gate.
 59096 | Elf:2    | Reached skill level 10 in Fighting
 59477 | Elf:2    | Reached XP level 22. HP: 161/174 MP: 33/42
 59676 | Elf:3    | Entered Level 3 of the Elven Halls
 59781 | Elf:3    | Noticed Mara
 59783 | Elf:3    | Noticed DerDa's illusion
 59790 | Elf:3    | Killed Mara
 59838 | Elf:3    | Identified Sif Muna's Almanac of Darkness (Sif Muna gifted
                  | it to you on level 3 of the Elven Halls)
 59838 | Elf:3    | Received a gift from Sif Muna
 60145 | Elf:3    | Reached skill level 10 in Evocations
 61082 | Elf:3    | Identified the +9 morningstar of Viboixtuqo {drain, rC+
                  | Str-5 Dex+4}
 61307 | Elf:3    | Identified the cursed +0 great sword of the Queen {drain,
                  | rF- Dex+5}
 61326 | Elf:3    | Found the macabre finger necklace {rN+}
 61395 | Elf:3    | Identified the amulet "Uppeggin" {Acrobat rElec} (You found
                  | it on level 3 of the Elven Halls)
 61398 | Elf:3    | Found the amulet of Vitality {Regen+ HP+15}
 61406 | Elf:3    | Found the ring of the Octopus King
 61426 | Elf:3    | Identified the Disquisition on the Escort
 61428 | Elf:3    | Identified the Reference Book on Execration
 61461 | Elf:3    | Got a ring of the Octopus King
 61463 | Elf:3    | Identified a ring of the Octopus King {AC+1 EV+1 Str+1
                  | Int+1 Dex+1 Stlth+} (You found it on level 3 of the Elven
                  | Halls)
 61467 | Elf:3    | Got an ancient flail
 61467 | Elf:3    | Identified the +7 flail of Jaqaaxt {venom, Str+2} (You
                  | found it on level 3 of the Elven Halls)
 61793 | Depths:1 | Entered Level 1 of the Depths
 61969 | Depths:1 | Received a gift from Sif Muna
 62684 | Depths:1 | Found a gateway to Hell.
 62867 | Depths:1 | Found a one-way gate to the infinite horrors of the Abyss.
 62940 | Depths:1 | Reached skill level 10 in Shields
 63179 | Depths:1 | Identified Sif Muna's Handbook of Sinister Rituals (Sif
                  | Muna gifted it to you on level 1 of the Depths)
 63179 | Depths:1 | Received a gift from Sif Muna
 63656 | Depths:2 | Found the +7 mace of Variability {chain chaos}
 63897 | Depths:2 | Found a gateway to a ziggurat.
 63961 | Depths:2 | Gained mutation: A powerful demonic guardian rushes to your
                  | aid. [demonic ancestry]
 63961 | Depths:2 | Reached XP level 23. HP: 181/181 MP: 28/44
 64707 | Depths:2 | Identified Sif Muna's Grimoire of the Floating Escort (Sif
                  | Muna gifted it to you on level 2 of the Depths)
 64707 | Depths:2 | Received a gift from Sif Muna
 64862 | Depths:2 | Identified the +7 giant club of the Unstoppable Ghosts
                  | {vorpal, rPois MR+}
 64862 | Depths:2 | Identified the cursed +11 giant club "Hiezxok" {vorpal,
                  | +Rage rPois}
 64907 | Depths:2 | Noticed the Enchantress
 64925 | Depths:2 | Cast into level 3 of the Abyss (the Enchantress)
 65118 | Abyss:3  | Gained mutation: You are dopey. (Int -2) [a neqoxec]
 65148 | Abyss:3  | Received a gift from Sif Muna
 65161 | Depths:2 | Escaped the Abyss
 65179 | Depths:2 | Killed the Enchantress
 65524 | Depths:2 | Found the +0 staff of Battle
 65580 | Depths:2 | Got a pair of transparent boots
 65590 | Depths:2 | Identified the +1 pair of boots "Aguwnor" {Dex+2} (You
                  | found it on level 2 of the Depths)
 66730 | Depths:3 | Noticed Saint Roka
 66732 | Depths:3 | Paralysed by a sphinx for 7 turns
 66743 | Depths:3 | Paralysed by a sphinx for 5 turns
 66749 | Depths:3 | HP: 9/181 [Saint Roka/divine providence (15)]
 66750 | Depths:3 | Killed from afar by Saint Roka

Illustrated notes

Levels and vault maps discovered:
D:1:      scummos_arrival_forest, layout_loops_ring
D:2:      layout_loops_cross, uniq_terence, uniq_sigmund
D:3:      layout_loops_cross, lemuel_crystal_altar, uniq_ijyb, uniq_jessica
D:4:      layout_loops_ring, first_ration, grunt_ministairs_8,
          hangedman_feature_mirror
D:5:      layout_cave_pods, grunt_temple_overflow_open, serial_shops,
          nicolae_shop_trees, basic_altar, okawaru_trees_2
D:6:      layout_layer_cave, dk_noncrumbling_2, corexii_leaking_fountain
D:7:      layout_rooms, minmay_temple_entry_tees, grunt_ogre_cave
D:8:      layout_gridville, gammafunk_temple_overflow_statue, lair_entry_dummy,
          jmf_multi_god_temple2, uniq_pikel, uniq_grum
D:9:      layout_roguey, nicolae_ru_awakened_eye
D:10:     layout_small_grid, serial_undead, serial_undead_d, serial_undead_f,
          serial_undead_e, serial_undead_d, serial_undead_c, serial_undead_b,
          serial_undead_c, serial_undead_d, serial_shops,
          nicolae_shop_statue_plus, nrook_mini_vaults, kennysheep_windowed_goal
D:11:     layout_stronghold
D:12:     layout_stronghold, david_orc_3
D:13:     layout_basic, david_vaults_3, uniq_azrael, uniq_josephine
D:14:     layout_roguey, fedhas_altar_1, minmay_door_square, kennysheep_donut,
          minmay_unpleasant_kobolds
D:15:     grunt_enter_depths_hoard, layout_irregular_city, uniq_louise,
          uniq_rupert
Temple:   nicolae_temple_elliptical
Lair:1:   layout_regular_city, grunt_megastairs_5, lemuel_fruit_fields,
          serial_bayou_shore_a
Lair:2:   layout_layer_cave, minmay_shoals_entry_lonely_mermaid,
          serial_bayou_shore_b
Lair:3:   wad_woods_tower, layout_chaotic_city,
          minmay_snake_entry_six_corridors, lemuel_centaur_altar, uniq_urug
Lair:4:   layout_gridlike, gammafunk_ghost_berserking_beasts
Lair:5:   layout_gridlike, minmay_slime_entry_pillars, kennysheep_rathole
Lair:6:   gammafunk_lair_ancient_temple, layout_regular_city,
          chequers_serial_rivers_micro_a, serial_bayou_shore_b,
          minmay_lair_oklob_chamber, lemuel_fruit_fields, lemuel_fruit_tree
Shoals:1: layout_shoals
Shoals:2: layout_shoals, nicolae_shoals_so_close
Shoals:3: layout_shoals, serial_shops, bzr_entry_gold,
          nicolae_shoals_undead_eyrie
Shoals:4: shoals_end_grunt_ice, layout_shoals, serial_shops, shop
Snake:1:  cheibrodos_forgotten_conduit, layout_misc_corridors,
          gammafunk_ghost_grave, nicolae_snake_squiggles, uniq_aizul
Snake:2:  nicolae_snake_nest, layout_misc_corridors, serial_shops, shop
Snake:3:  cheibrodos_snake_lava_hold, layout_onion_interference, uniq_vashnia
Snake:4:  minmay_snake_end_coiled, layout_cave_town, serial_shops,
          nicolae_shop_overgrown_old_shop
Orc:1:    layout_diamond_mine, uniq_sonja
Orc:2:    pf_orc_diabolical, layout_caves
Elf:1:    minmay_elf_arrival_summoners, layout_loops_ring, orc_legates,
          nicolae_elf_m_pinch
Elf:2:    layout_geoelf_grid, serial_shops, shop, shop, glass_columns_c,
          minmay_shop_grove
Elf:3:    elf_hall, layout_loops_cross, hangedman_glass_teeth, uniq_mara
Vaults:1: v_misc_5, nicolae_vaults_specimen_jars, grunt_vaults_diagonal,
          ontoclasm_vaults_ring_square, hangedman_vaults_trim,
          nicolae_vaults_diagonal_hallway_7, v_misc_13,
          grunt_vaults_hallway_short, serial_ice_m, layout_vaults_chaotic_city,
          serial_shops, shop
Vaults:2: ontoclasm_vaults_fire_temple, hangedman_vaults_unwind,
          ontoclasm_vaults_fault, vaults_room_corners,
          nicolae_vaults_big_angled_halls, nicolae_vaults_twisting_passages,
          v_misc_24, vaults_mumra_chevron, dpeg_vaults_monster_box, v_misc_9,
          ontoclasm_vaults_claustrophobia, vaults_room_grunt_arrival_checkpoint,
          ontoclasm_vaults_tryst, layout_vaults_maze,
          minmay_crypt_entry_necro_gods, serial_shops, shop
Vaults:3: v_misc_9, nicolae_vaults_asterisk, vaults_mumra_lcd,
          nicolae_vaults_stairing_the_circle, vaults_room_stairs_pillars,
          nicolae_vaults_ninety_degrees, v_misc_1, hangedman_vaults_impose,
          v_misc_10, v_misc_30, layout_vaults_omnigrid
Vaults:4: st_star, nicolae_vaults_yaktaur_gun_rack, ontoclasm_vaults_pinch,
          v_misc_3, nicolae_vaults_mini_display_case, v_pattern_5,
          hangedman_vaults_stream, nicolae_vaults_little_ls,
          dpeg_vaults_monster_row, ontoclasm_vaults_decontamination,
          nicolae_vaults_little_squares_5, v_misc_25, vaults_room_fancy_cross,
          layout_vaults_ring
Vaults:5: serial_shops, uniq_jory
Depths:1: layout_forbidden_donut, minmay_holes, minmay_room_of_horrors,
          pf_hell_entry_great_geh, kennysheep_cross_bottleneck,
          hangedman_abyss_or_decor_clamps, minmay_misc_feat_cross,
          bh_walls_and_bars, grunt_megastairs_3
Depths:2: grunt_forest_end_chambers, layout_cave_pools, enter_ziggurat_f,
          hellmouth_1, dk_noncrumbling_4
Depths:3: ragdoll_tomb_raider, layout_cave_pools, hangedman_decor_riveting,
          grunt_mini_vestibule, pan_entry, st_stairs_2, uniq_saint_roka

Skill      XL: |  1  2  3  4  5  6  7  8  9 10 11 12 13 14 15 16 17 18 19 20 21 22 23 |
---------------+----------------------------------------------------------------------+-----
Ice Magic      | 4 5 6 7 8 9 10 11 12 13 14 15 16 17 | 17.7
Spellcasting   | 4 5 6 8 9 10 11 12 13 14 15 16 17 | 17.5
Dodging        | 2 3 4 5 6 7 8 9 10 11 12 13 | 13.5
Conjurations   | 1 2 3 5 6 7 8 9 10 11 12 13 14 | 14.2
Invocations    | 1 4 6 8 9 10 11 12 13 14 15 16 | 16.7
Evocations     | 3 4 6 7 8 9 10 | 10.7
Fighting       | 3 4 6 7 8 9 10 | 10.2
Necromancy     | 3 5 6 7 8 9 11 12 13 | 13.2
Shields        | 3 4 6 7 9 10 | 10.6
Air Magic      | 2 3 4 5 6 7 |  7.3
Transmutations | 2 3 5 |  5.7
Summonings     | 3 4 |  4.0
Translocations | 2 4 |  4.6
Stealth        | |  1.7

Action                   |  1- 3 |  4- 6 |  7- 9 | 10-12 | 13-15 | 16-18 | 19-21 | 22-24 || total
-------------------------+-------+-------+-------+-------+-------+-------+-------+-------++-------
Melee: Unarmed           |    13 |       |       |       |       |       |       |       ||    13
       Whip              |    24 |    14 |     1 |       |       |       |       |       ||    39
       Staff             |       |       |    65 |    53 |    96 |     8 |       |       ||   222
       Demon blade       |       |       |       |       |       |    64 |       |       ||    64
       Long sword        |       |       |       |       |       |     7 |    93 |   189 ||   289
Throw: Dart              |       |       |       |    56 |     1 |     2 |       |       ||    59
 Cast: Freeze            |    56 |    46 |    68 |   167 |   207 |    98 |    53 |    10 ||   705
       Frozen Ramparts   |     3 |     8 |    27 |    45 |    46 |    19 |     4 |       ||   152
       Ozocubu's Armour  |       |     1 |    12 |     9 |     3 |     1 |       |       ||    26
       Hailstorm         |       |       |     6 |    71 |   251 |   195 |   183 |    86 ||   792
       Summon Ice Beast  |       |       |    15 |    22 |   107 |    85 |    84 |    39 ||   352
       Ozocubu's Refrige |       |       |       |       |       |   170 |   199 |   143 ||   512
       Freezing Cloud    |       |       |       |       |       |    11 |    11 |     3 ||    25
       Simulacrum        |       |       |       |       |       |       |     2 |     8 ||    10
       Blink             |       |       |       |       |       |       |     8 |     1 ||     9
       Irradiate         |       |       |       |       |       |       |       |     2 ||     2
       Orb of Destructio |       |       |       |       |       |       |       |     1 ||     1
Invok: Channel Magic     |       |       |       |       |       |     9 |    15 |    11 ||    35
       Forget Spell      |       |       |       |       |       |       |     1 |       ||     1
 Abil: Evoke Flight      |       |       |       |       |       |     1 |       |     1 ||     2
Evoke: Wand              |       |       |       |       |     1 |       |       |     1 ||     2
       Lightning rod     |       |       |       |       |       |       |       |     1 ||     1
  Use: Scroll            |       |     5 |     7 |     8 |     5 |    25 |     9 |     3 ||    62
       Potion            |       |       |     1 |     4 |     5 |     4 |       |     1 ||    15
 Stab: Sleeping          |     1 |     1 |       |     1 |     1 |       |     1 |     2 ||     7
       Distracted        |       |       |       |     1 |       |     4 |     2 |     2 ||     9
  Eat: Chunk             |     2 |     8 |    17 |    29 |    37 |    50 |    44 |    36 ||   223
       Ration            |       |       |     2 |     1 |       |     6 |       |       ||     9
Armor: Robe              |    18 |     5 |    16 |    32 |    33 |    15 |     6 |     8 ||   133
Dodge: Dodged            |    53 |    30 |   106 |   244 |   325 |   308 |   150 |   132 ||  1348
       Repelled          |       |       |       |       |    16 |    83 |    29 |    15 ||   143
Block: Buckler           |       |       |       |       |       |    52 |    33 |       ||    85
       Tower shield      |       |       |       |       |       |       |   142 |   313 ||   455
       Reflection        |       |       |       |       |       |       |    19 |    63 ||    82
       Rpst.: Demon blade |       |       |       |       |       |    18 |       |       ||    18
       Long sword        |       |       |       |       |       |       |    19 |    23 ||    42

Table legend:
 A = Non-vault XP
 B = Vault XP
 C = Vault XP percentage of total XP
 D = Non-vault monster count
 E = Vault monster count
 F = Vault count percentage of total count
                 A         B        C        D         E       F
            +---------+---------+-------+---------+---------+-------
      Total |  536354 |  388133 |  42.0 |    1376 |     669 |  32.7
            +---------+---------+-------+---------+---------+-------
        D:1 |      65 |       0 |   0.0 |      31 |       0 |   0.0
        D:2 |      46 |     248 |  84.4 |      17 |       2 |  10.5
        D:3 |     207 |      73 |  26.1 |      27 |       2 |   6.9
        D:4 |     396 |      82 |  17.2 |      16 |       4 |  20.0
        D:5 |     531 |       0 |   0.0 |      16 |       0 |   0.0
        D:6 |     634 |       0 |   0.0 |      13 |       0 |   0.0
        D:7 |    1709 |     113 |   6.2 |      30 |       1 |   3.2
        D:8 |     444 |    2946 |  86.9 |      16 |      12 |  42.9
        D:9 |    1913 |       0 |   0.0 |      36 |       0 |   0.0
       D:10 |    1883 |     803 |  29.9 |      29 |      14 |  32.6
       D:11 |    2979 |       0 |   0.0 |      24 |       0 |   0.0
       D:12 |    9364 |     157 |   1.6 |      54 |       5 |   8.5
       D:13 |   10751 |   11912 |  52.6 |      39 |      31 |  44.3
       D:14 |    8110 |     303 |   3.6 |      30 |       6 |  16.7
       D:15 |   12762 |    3136 |  19.7 |      45 |       3 |   6.2
     Lair:1 |    2694 |    1251 |  31.7 |      17 |       7 |  29.2
     Lair:2 |    1445 |     430 |  22.9 |       7 |       1 |  12.5
     Lair:3 |    5719 |    4093 |  41.7 |      19 |      27 |  58.7
     Lair:4 |    2452 |    3655 |  59.8 |      11 |       7 |  38.9
     Lair:5 |    5365 |     579 |   9.7 |      23 |      17 |  42.5
     Lair:6 |   11371 |   11256 |  49.7 |      33 |      32 |  49.2
   Shoals:1 |   22167 |       0 |   0.0 |      53 |       0 |   0.0
   Shoals:2 |   13012 |     186 |   1.4 |      26 |       1 |   3.7
   Shoals:3 |   10266 |    1123 |   9.9 |      20 |       5 |  20.0
   Shoals:4 |   17640 |   18397 |  51.1 |      37 |      29 |  43.9
    Snake:1 |   15962 |    7830 |  32.9 |      34 |      12 |  26.1
    Snake:2 |   16422 |       0 |   0.0 |      30 |       0 |   0.0
    Snake:3 |   30669 |   13745 |  30.9 |      49 |      15 |  23.4
    Snake:4 |   23605 |   24860 |  51.3 |      47 |      49 |  51.0
      Orc:1 |    1759 |     802 |  31.3 |      21 |       1 |   4.5
      Orc:2 |    3302 |   16027 |  82.9 |      36 |      59 |  62.1
      Elf:1 |   12558 |   15085 |  54.6 |      19 |      30 |  61.2
      Elf:2 |   13382 |   21231 |  61.3 |      27 |      28 |  50.9
      Elf:3 |   24068 |   50970 |  67.9 |      36 |      30 |  45.5
   Vaults:1 |   44100 |    3673 |   7.7 |      68 |       8 |  10.5
   Vaults:2 |   44369 |   34073 |  43.4 |      73 |      47 |  39.2
   Vaults:3 |   33233 |   16708 |  33.5 |      43 |      23 |  34.8
   Vaults:4 |   39130 |   45026 |  53.5 |      70 |      47 |  40.2
   Vaults:5 |     610 |   24408 |  97.6 |       1 |      25 |  96.2
   Depths:1 |   36996 |    7842 |  17.5 |      57 |      20 |  26.0
   Depths:2 |   37537 |   34405 |  47.8 |      56 |      48 |  46.2
   Depths:3 |    7583 |    8157 |  51.8 |      13 |      16 |  55.2
    Abyss:3 |    7144 |    2548 |  26.3 |      27 |       5 |  15.6
            +---------+---------+-------+---------+---------+-------
